 Dungeon Crawl Stone Soup version 0.29.0-15-g675c0067aa (webtiles) character file.

Game seed: 11786204681350391311

39 bchevrier the Cutter (level 3, -2/25 HPs)
             Began as a Gnoll Wanderer on Sept 11, 2022.
             Slain by an orc priest
             ... wielding a +0 club
              (5 damage)
             ... on level 2 of the Dungeon.
             The game lasted 00:02:50 (1728 turns).

bchevrier the Cutter (Gnoll Wanderer)               Turns: 1728, Time: 00:02:51

Health: -2/25      AC:  4    Str: 11    XL:     3   Next: 45%
Magic:  4/4        EV: 13    Int:  9    God:
Gold:   104        SH:  0    Dex: 15    Spells: 2/3 levels left

rFire   . . .      SeeInvis .   a - +0 dagger
rCold   . . .      Faith    .   (no shield)
rNeg    . . .      Spirit   .   m - +0 leather armour
rPois   .          Reflect  .   e - +0 helmet
rElec   .          Harm     .   (no cloak)
rCorr   .          Rampage  .   (no gloves)
Will    .....                   (no boots)
Stlth   +++.......              (no amulet)
HPRegen 0.08/turn               (no ring)
MPRegen 0.09/turn               (no ring)

@: no status effects
A: fangs 1, strong nose, distributed training
a: no special abilities


You were on level 2 of the Dungeon.
You visited 1 branch of the dungeon, and saw 2 of its levels.

You collected 104 gold pieces.

Inventory:

Hand Weapons
 a - a +0 dagger (weapon)
 d - a +0 short sword
Missiles
 b - an atropa-tipped dart (quivered)
 c - 2 datura-tipped darts
Armour
 e - a +0 helmet (worn)
 m - a +0 leather armour (worn)
Scrolls
 f - a scroll of blinking
 g - a scroll of amnesia {unknown}
 h - a scroll of poison
 k - 3 scrolls of enchant weapon {unknown}
 l - a scroll of identify {unknown}
 n - a scroll of immolation {unknown}
 o - a scroll of enchant armour {unknown}
Potions
 i - a potion of curing {unknown}
 j - 4 potions of heal wounds {unknown}


   Skills:
 + Level 0.9 Fighting
 + Level 6.5 Short Blades
 + Level 0.9 Long Blades
 + Level 0.9 Axes
 + Level 0.9 Maces & Flails
 + Level 0.9 Polearms
 + Level 0.9 Staves
 + Level 0.9 Ranged Weapons
 + Level 2.6 Throwing
 + Level 2.6 Armour
 + Level 4.5 Dodging
 + Level 6.0 Stealth
 + Level 0.9 Shields
 + Level 0.9 Unarmed Combat
 + Level 0.9 Spellcasting
 + Level 0.6 Conjurations
 + Level 0.6 Hexes
 + Level 0.6 Summonings
 + Level 0.6 Necromancy
 + Level 0.6 Translocations
 + Level 0.6 Transmutations
 + Level 0.6 Fire Magic
 + Level 0.6 Ice Magic
 + Level 0.6 Air Magic
 + Level 0.6 Earth Magic
 + Level 0.6 Poison Magic
 + Level 1.0 Invocations
 + Level 0.9 Evocations


You had 2 spell levels left.
You knew the following spells:

 Your Spells              Type           Power      Damage    Failure   Level
a - Beastly Appendage     Tmut           2%         N/A       36%         1

Your spell library contained the following spells:

 Spells                   Type           Power      Damage    Failure   Level
 Wereblood                Tmut           1%         N/A       50%         2
 Spider Form              Tmut/Pois      1%         N/A       75%         3


Dungeon Overview and Level Annotations

Branches:
Dungeon (2/15)

Altars:


Innate Abilities, Weirdness & Mutations

You have very sharp teeth.
Your uncanny sense of smell can sniff out nearby items.
Your experience applies equally to all skills.


Message History

You hit the rat.
You kill the rat!
The phantom completely misses you.
You hit the orc priest. You bite the orc priest.
The orc priest is moderately wounded.
The orc priest barely misses you. The phantom hits you!
* * * LOW HITPOINT WARNING * * *
You completely miss the orc priest.
The orc priest is moderately wounded.
The air fills with toxic fumes!
As you read the scroll labelled TEXITI VUFIFU, it crumbles to dust.
It was a scroll of poison.
The phantom misses you.
The orc priest looks encouraged for a moment.
The orc hits you but does no damage.
There are monsters nearby!
Really walk into that cloud of poison gas? [Y]es or [N]o only, please.
Really walk into that cloud of poison gas?
Okay, then.
Hit: a) +0 dagger
Press: ? - help, Dir - move target, f - phantom
Aim: a phantom (heavily damaged, about 43% to evade your +0 dagger)
You hit the phantom.
The phantom is heavily damaged.
The phantom hits you but does no damage.
The orc priest hits you with a +0 club.
* * * LOW HITPOINT WARNING * * *
Unknown command.
Hit: a) +0 dagger
Press: ? - help, Dir - move target, f/p - phantom
Aim: a phantom (heavily damaged, about 43% to evade your +0 dagger)
You hit the phantom but do no damage.
The phantom is heavily damaged.
Hit: a) +0 dagger
Press: ? - help, Dir - move target, f/p - phantom
Aim: a phantom (heavily damaged, about 43% to evade your +0 dagger)
You closely miss the phantom. You bite the phantom, but do no damage.
The phantom is heavily damaged.
The phantom closely misses you. The orc priest hits you with a +0 club.
You die...

..######.####### ###
## ..##............
.. ...###.#.#######
(. ...###.#.......#
.. ##)....#######.#
.. #........§####§#
.#
#........§§§§§§#+####
#......##..##§§§§W§§#
##########.##§§§@oo§#
### .#§§§§§oB§# #..
#§###+##§§§§§ #.. §§.
..§§§ #.. ###.
..§§§.. #.. #.
...§§.. #.. ....§..
### .....(. ∆ ###


You could see a phantom, an orc priest, 2 orcs and a giant cockroach.

Vanquished Creatures
  An adder (D:2)
  A dart slug (D:1)
  3 endoplasms
  3 giant cockroaches
  2 goblins
  2 kobolds
  5 ball pythons
  4 bats
  2 frilled lizards (D:1)
  5 rats
28 creatures vanquished.

Notes
Turn   | Place    | Note
-------+----------+-------------------------------------------
     0 | D:1      | bchevrier the Gnoll Wanderer began the quest for the Orb.
     0 | D:1      | bchevrier set off with the following items: a +0 dagger, an
                  | atropa-tipped dart, 2 datura-tipped darts, a +0 short
                  | sword, a +0 helmet, a scroll of blinking, a +0 robe.
     0 | D:1      | Reached XP level 1. HP: 13/13 MP: 1/1
   519 | D:1      | Reached XP level 2. HP: 13/19 MP: 2/2
   638 | D:1      | Learned a level 1 spell: Beastly Appendage
  1342 | D:2      | Reached XP level 3. HP: 25/25 MP: 2/4
  1608 | D:2      | Reached skill level 1 in Invocations
  1704 | D:2      | Noticed a phantom
  1728 | D:2      | Slain by an orc priest

Illustrated notes

Levels and vault maps discovered:
D:1:      saegor_arrival_simple_a, layout_loops_ring
D:2:      layout_basic

Skill      XL: |  1  2  3 |
---------------+----------+-----
Stealth        | 6 |  6.0
Invocations    | 1 |  1.0
Fighting       | |  0.9
Short Blades   | |  6.5
Long Blades    | |  0.9
Axes           | |  0.9
Maces & Flails | |  0.9
Polearms       | |  0.9
Staves         | |  0.9
Ranged Weapons | |  0.9
Throwing       | |  2.6
Armour         | |  2.6
Dodging        | |  4.5
Shields        | |  0.9
Unarmed Combat | |  0.9
Spellcasting   | |  0.9
Conjurations   | |  0.6
Hexes          | |  0.6
Summonings     | |  0.6
Necromancy     | |  0.6
Translocations | |  0.6
Transmutations | |  0.6
Fire Magic     | |  0.6
Ice Magic      | |  0.6
Air Magic      | |  0.6
Earth Magic    | |  0.6
Poison Magic   | |  0.6
Evocations     | |  0.9

Action                   || total
-------------------------++-------
Melee: Dagger            ||   100
       Bite              ||    13
  Use: Scroll            ||     1
 Stab: Sleeping          ||     8
Armor: Robe              ||     6
       Leather armour    ||     6
Dodge: Dodged            ||    45
